Map: Torches LE

Players

LiquidClem (Clem) - Winner!

  • Race: Terran Terran
  • League: Master
  • Spawn Location: 1:00

Astrea

  • Race: Protoss Protoss
  • League: Grandmaster
  • Spawn Location: 5:00

VOD

Have the link to the VOD?

Description

Time

  • Played on: June 17, 2025, 9:46 p.m.
  • Length: 10:30
Show
View Real Time Build Order
Export as new Build Order

LiquidClem Terran - Winner!

Build Orders:  

Get SALT Encoding   

  12  0:00  SCV  
  13  0:12  SCV  
  14  0:17  Supply Depot  
  14  0:24  SCV  
  15  0:38  SCV  
  15  0:40  Barracks  
  15  0:42  Refinery  
  16  0:50  SCV  
  16  0:56  Refinery  
  17  1:02  SCV  
  18  1:14  SCV  
  18  1:17  Supply Depot  
  19  1:28  Orbital Command  
  19  1:30  Reaper  
  20  1:42  Factory  
  20  1:54  SCV  
  21  2:03  Barracks Reactor  
  21  2:06  SCV  
  22  2:19  Command Center  
  23  2:22  SCV  
  23  2:31  Starport  
  23  2:36  Widow Mine  
  25  2:37  SCV  
  25  2:42  Supply Depot  
  26  2:45  Marine  
  26  2:47  Marine  
  26  2:50  SCV  
  29  3:02  SCV  
  29  3:03  Marine  
  29  3:05  Marine  
  32  3:07  Medivac  
  32  3:08  Factory Tech Lab  
  34  3:14  SCV  
  35  3:22  Marine  
  35  3:23  Marine  
  35  3:27  SCV  
  38  3:29  Refinery  
  38  3:32  Siege Tank  
  41  3:39  Starport Tech Lab  
  42  3:41  SCV  
  42  3:42  Marine x2  
  45  3:50  Orbital Command  
  45  3:54  SCV  
  45  4:02  Supply Depot  
  48  4:11  Siege Tank  
  48  4:14  SCV  
  48  4:16  Marine  
  53  4:20  SCV  
  53  4:21  Viking  
  53  4:22  Marine  
  51  4:26  SCV  
  52  4:32  SCV  
  52  4:37  Barracks, Marine  
  53  4:40  SCV  
  53  4:41  Supply Depot  
  54  4:47  Cyclone  
  54  4:48  SCV  
  56  4:53  SCV  
  56  4:54  Barracks  
  56  4:57  Marine  
  56  4:58  Marine  
  59  5:00  SCV  
  59  5:04  Engineering Bay  
  60  5:08  SCV  
  60  5:10  Supply Depot  
  60  5:12  SCV  
  62  5:15  Marine  
  62  5:16  Marine  
  62  5:17  Supply Depot  
  64  5:21  Cyclone  
  64  5:22  SCV  
  64  5:24  SCV  
  69  5:32  Stimpack  
  69  5:33  Marine  
  69  5:35  Supply Depot  
  71  5:37  Marine  
  71  5:39  Terran Infantry Weapons Level 1  
  73  5:43  Barracks  
  73  5:44  Barracks  
  73  5:46  Starport Reactor  
  71  5:50  Supply Depot  
  71  5:51  Marine x2  
  71  5:55  Marine  
  74  5:58  Combat Shield, Marine  
  74  5:59  Factory Reactor  
  75  6:07  Supply Depot  
  75  6:08  Marine  
  75  6:09  Marine  
  77  6:12  Supply Depot  
  77  6:13  Marine  
  77  6:16  Marine  
  79  6:23  Medivac x2  
  79  6:24  Supply Depot  
  83  6:26  Marine  
  83  6:31  Marine x4  
  88  6:35  Marine  
  88  6:36  Supply Depot  
  88  6:37  Widow Mine x2  
  93  6:43  Supply Depot  
  93  6:44  Marine  
  94  6:48  Marine x2  
  94  6:49  Marine  
  94  6:53  Medivac x2  
  101  6:55  Marine x2  
  101  7:00  Supply Depot  
  103  7:02  Marine  
  103  7:04  Widow Mine x2  
  103  7:07  Marine  
  103  7:08  Marine  
  109  7:09  Marine  
  109  7:12  Marine  
  109  7:13  Marine  
  113  7:20  Marine  
  114  7:24  Medivac  
  114  7:25  Marine  
  114  7:26  Marine  
  113  7:30  Marine  
  113  7:33  Medivac, Marine  
  113  7:34  Marine  
  95  7:37  Marine  
  95  7:42  Widow Mine  
  82  7:45  Marine  
  82  7:48  Marine  
  82  7:52  Marine  
  82  7:56  Marine  
  81  8:03  Widow Mine  
  81  8:05  Marine x2  
  82  8:08  Marine  
  82  8:12  Marine  
  84  8:15  Marine  
  78  8:24  Marine x2  
  78  8:25  Marine  
  80  8:29  Marine  
  78  8:35  Marine x2  
  78  8:41  Widow Mine  
  81  8:43  Widow Mine  
  81  8:46  Marine  
  82  8:50  Marine  
  82  8:51  Marine  
  82  8:54  Marine  
  85  8:59  Marine x2  
  87  9:04  Marine  
  87  9:07  Marine  
  87  9:09  Marine  
  90  9:11  Widow Mine  
  90  9:12  Marine  
  90  9:15  Widow Mine  
  91  9:17  Marine  
  91  9:19  Medivac  
  80  9:24  Medivac  
  94  9:28  Marine x2  
  96  9:31  Marine  
  96  9:33  Marine  
  96  9:36  Marine  
  99  9:41  Widow Mine  
  99  9:42  Widow Mine, Marine  
  104  9:46  Marine  
  104  9:47  Marine  
  104  9:51  Marine  
  104  9:52  Marine  
  107  9:54  Marine  
  105  10:00  Marine  
  105  10:03  Widow Mine  
  105  10:04  Marine  
  105  10:05  Marine  
  108  10:07  Widow Mine  
Show
View Real Time Build Order
Export as new Build Order

Astrea Protoss 

Build Orders: 1 Gate Expand, Phoenix Opening 

Get SALT Encoding   

  12  0:00  Probe  
  13  0:12  Probe  
  14  0:17  Pylon  
  14  0:23  Probe  
  15  0:31  Probe  
  16  0:36  Gateway  
  16  0:39  Probe  
  16  0:45  Assimilator  
  17  0:51  Probe  
  18  1:03  Probe  
  19  1:15  Probe  
  20  1:22  Nexus  
  20  1:32  Cybernetics Core  
  20  1:35  Probe  
  21  1:41  Assimilator  
  21  1:47  Probe  
  21  1:52  Pylon  
  22  1:58  Stalker  
  22  1:59  Probe  
  22  2:08  Warp Gate  
  22  2:11  Probe  
  25  2:21  Adept  
  25  2:23  Probe  
  28  2:35  Probe  
  28  2:37  Stargate, Probe  
  30  2:47  Probe  
  30  2:49  Probe  
  30  2:50  Sentry  
  34  2:59  Probe  
  34  3:01  Gateway, Probe  
  36  3:11  Probe  
  36  3:12  Stalker  
  37  3:13  Probe  
  37  3:14  Phoenix  
  37  3:16  Pylon  
  40  3:24  Probe  
  43  3:27  Probe  
  43  3:33  Phoenix, Pylon  
  44  3:36  Probe  
  44  3:39  Probe  
  48  3:49  Probe  
  48  3:51  Probe  
  50  3:57  Zealot x2, Phoenix  
  50  4:01  Probe  
  57  4:06  Probe  
  58  4:13  Probe, Pylon  
  59  4:29  Twilight Council  
  58  4:31  Probe x2  
  58  4:34  Pylon  
  58  4:37  Nexus  
  60  4:38  Pylon  
  60  4:40  Phoenix  
  62  4:47  Charge  
  62  4:52  Probe x2  
  64  4:53  Assimilator  
  64  4:59  Forge  
  64  5:00  Protoss Ground Armor Level 1, Pylon  
  64  5:04  Probe x2  
  66  5:16  Probe x2  
  68  5:22  Gateway  
  68  5:24  Gateway  
  68  5:27  Gateway  
  68  5:28  Gateway, Probe x2  
  70  5:39  Gateway  
  70  5:40  Probe x2  
  72  5:43  Gateway  
  72  5:52  Phoenix  
  72  5:53  Probe x2  
  76  5:57  Zealot x2  
  76  6:00  Probe  
  81  6:05  Probe x2  
  81  6:10  Robotics Facility  
  83  6:12  Probe  
  83  6:16  Pylon  
  83  6:17  Probe, Phoenix  
  83  6:18  Probe  
  88  6:24  Zealot x4  
  96  6:28  Zealot  
  96  6:30  Pylon  
  98  6:36  Zealot  
  98  6:37  Zealot, Pylon  
  102  6:46  Zealot x3  
  108  6:50  Zealot x3  
  114  6:58  Observer  
  113  7:06  Zealot x5  
  123  7:09  Phoenix  
  125  7:21  Pylon  
  125  7:22  Pylon  
  119  7:31  Zealot x7  
  119  7:33  Zealot  
  119  7:34  Probe  
  110  7:38  Probe  
  72  7:52  Zealot x7  
  72  7:56  Phoenix  
  84  8:00  Zealot  
  81  8:12  Sentry, Zealot x3  
  85  8:13  Zealot x2  
  91  8:22  Zealot  
  93  8:30  Nexus  
  87  8:37  Zealot x2  
  87  8:38  Zealot x3  
  95  8:53  Zealot x2  
  97  8:55  Pylon  
  97  8:57  Pylon  
  97  8:59  Zealot  
  96  9:12  Zealot x3  
  96  9:15  Sentry, Zealot  
  104  9:23  Zealot x2  
  106  9:37  Templar Archives, Zealot x3  
  107  9:46  Zealot x2  
  101  9:54  Zealot x2  
  89  10:00  Stalker x2  
  61  10:19  Zealot x3  
Tags
 
Add a new tag
Caveats
  • Supply blocks, unpowered buildings, or Contaminate may cause inaccurate times.
  • Supply counts are checked every 10 seconds.